 Dungeon Crawl Stone Soup version 0.18.1-50-g88ac8fd (webtiles) character file.

4743 Gargoyl the Protected (level 10, -2/71 HPs)
             Began as a Demonspawn Abyssal Knight on Sept 14, 2016.
             Was a High Priest of Lugonu.
             Slain by a yak (11 damage)
             ... on level 9 of the Dungeon.
             The game lasted 00:18:33 (8477 turns).

Gargoyl the Protected (Demonspawn Abyssal Knight)   Turns: 8477, Time: 00:18:34

Health: -2/71      AC: 16    Str: 14 (16) XL:     10   Next: 22%
Magic:  12/12      EV:  9    Int: 15 (18) God:    Lugonu [*****.]
Gold:   291        SH:  0    Dex: 12 (15) Spells: 0 memorised, 9 levels left

rFire  + . .     SeeInvis .     p - +2 war axe (elec)
rCold  + . .     Gourm    .     s - +0 chain mail
rNeg   + . .     Faith    .     (no shield)
rPois  +         Spirit   .     r - +1 helmet
rElec  +         Dismiss  .     (no cloak)
rCorr  .         Reflect  .     (no gloves)
SustAt .         Harm     .     (no boots)
MR     +....                    (no amulet)
Stlth  ..........               y - ring of positive energy
                                d - ring of protection from magic

@: brilliant, flying, somewhat resistant to hostile enchantments, extremely
unstealthy
A: claws 2, talons 2, slimy green scales 2, agile 1, cold resistance 1, demonic
guardian 2, fire resistance 1, frail 1, sense surroundings 1, poison resistance,
electricity resistance, flame cloud immunity, MP-powered wands
a: Depart the Abyss, Bend Space, Banish, Corrupt, Enter the Abyss, Renounce
Religion


You were on level 9 of the Dungeon.
You worshipped Lugonu.
Lugonu was extremely pleased with you.
You were very hungry.

You visited 1 branch of the dungeon, and saw 9 of its levels.
You visited the Abyss 1 time.

You collected 393 gold pieces.
You spent 102 gold pieces at shops.

Inventory:

Hand Weapons
 p - a +2 war axe of electrocution (weapon)
 G - a +2 hand axe of flaming
Missiles
 B - 10 tomahawks (quivered)
Armour
 h - a +1 troll leather armour
 r - a +1 helmet (worn)
 s - a +0 chain mail (worn)
Jewellery
 d - a ring of protection from magic (left claw)
 y - a ring of positive energy (right claw)
Wands
 x - a wand of confusion (22/48)
 A - a wand of slowing (21/48)
 D - a wand of enslavement (12/24)
 H - a wand of flame (35/48)
 J - a wand of flame (24/48)
Scrolls
 b - 3 scrolls of magic mapping
 e - 3 scrolls of identify
 j - 2 scrolls of enchant armour
 l - 5 scrolls of remove curse
 u - 4 scrolls of amnesia
 z - a scroll of blinking {unknown}
 I - a scroll of fear
Potions
 i - a potion of lignification
 m - 3 potions of curing
 q - a potion of resistance
 t - a potion of degeneration
 v - a potion of brilliance
 w - 2 potions of agility {unknown}
 C - 2 potions of heal wounds {unknown}
 E - a potion of haste {unknown}
 F - a potion of cancellation {unknown}
Comestibles
 c - 4 bread rations
 f - 4 meat rations
 g - 2 royal jellies
 k - a beef jerky
 n - 2 fruits
 o - a slice of pizza


   Skills:
 + Level 7.1 Fighting
 + Level 6.9 Axes
 + Level 0.8 Throwing
 * Level 8.1 Armour
 + Level 6.3 Dodging
 + Level 2.0 Stealth
 + Level 2.9 Invocations


You had 9 spell levels left.
You didn't know any spells.

Dungeon Overview and Level Annotations

Branches:
Dungeon (9/15)             Temple (0/1) D:4
   Lair: D:8-11         Orc: D:9-12

Altars:
Ashenzari
Elyvilon
Gozag
Kikubaaqudgha
Makhleb
Nemelex Xobeh
Okawaru
Qazlal
Sif Muna
Trog
Xom
Yredelemnul

Shops:
D:7 *

Annotations:
D:4 Sigmund


Innate Abilities, Weirdness & Mutations

You have razor-sharp toenails.
You are mostly covered in slimy green scales (AC +3).
A demonic guardian rushes to your aid.
Your flesh is heat resistant.
You are immune to clouds of flame.
You have very sharp fingernails.
You are agile. (Dex +2)
Your flesh is cold resistant.
You are frail (-10% HP).
You passively map a small area around you.
Your system is resistant to poisons.
You are resistant to electric shocks.
You expend magic power (3 MP) to strengthen your wands.


Message History

You feel weakened.
You feel dopey.
You feel clumsy.
Your smoke demon disappears in a puff of smoke!
The yak gores you but does no damage.
Drink which item? (? for menu, Esc to quit)
It was a potion of brilliance.
You feel clever all of a sudden.
You are feeling very hungry.
The yak gores you.
* * * LOW HITPOINT WARNING * * *
Drink which item? (? for menu, Esc to quit)
You feel better. The yak gores you!
* * * LOW HITPOINT WARNING * * *
Drink which item? (? for menu, Esc to quit)
You feel better. The yak gores you!
* * * LOW HITPOINT WARNING * * *
Drink which item? (? for menu, Esc to quit)
It was a potion of flight.
You feel very buoyant.
You fly up into the air.
The yak gores you!
You die...

.....##.##.....>.#
....##...##......#
..<##.....##.....#
...#.......#.....#
......._.........#
...#.......#.....#
...##.....##.....#
######...#######.#
##.## #@# #..# #Y#
######.#########Y#
.................#
.................#
.................#
.................#
.................#
............?....#


You could see 2 yaks.

Vanquished Creatures
  The ghost of Peloso the Blocker, a novice MiFi of Okawaru (D:9)
  Pikel (D:3)
  The ghost of Gargoyl the Skirmisher, an amateur DsAK of Lugonu (D:3)
  3 yaks (D:9)
  2 slaves (D:3)
  An orc warrior (D:8)
  An eye of draining (D:9)
  An ice beast (D:5)
  3 sky beasts
  4 ogres
  3 giant frogs
  Blork the orc (D:5)
  2 scorpions
  4 killer bees (D:9)
  3 howler monkeys (D:7)
  A centaur zombie (D:7)
  A quasit (D:6)
  A jelly (D:5)
  A crimson imp (D:6)
  5 orc priests
  A gnoll shaman (D:7)
  4 hounds
  4 centaur skeletons
  8 orc wizards
  3 iguanas
  7 worker ants
  A hound zombie (D:6)
  2 hound skeletons
  10 adders
  7 gnolls (D:7)
  4 shadow imps
  An adder zombie (D:5)
  An adder skeleton (D:4)
  3 worms
  6 dart slugs
  4 giant geckos
  30 orcs
  3 ball pythons
  6 bats
  6 giant cockroaches
  9 goblins
  6 hobgoblins
  19 jackals
  3 kobolds
  A quokka (D:4)
  4 giant newts
  2 gnoll zombies (D:7)
  A quokka zombie (D:6)
  10 rats
206 creatures vanquished.

Vanquished Creatures (collateral kills)
  A two-headed ogre (D:9)
  A yak (D:9)
  Purgy (D:4)
  A black bear (D:6)
  An ogre (D:4)
  A centaur (D:9)
  A giant frog (D:9)
  A killer bee (D:9)
  An orc wizard (D:5)
  3 worker ants
  An orc (D:4)
13 creatures vanquished.

Vanquished Creatures (others)
  A crimson imp (D:5)
  An orc wizard (D:7)
  A jackal (D:1)
3 creatures vanquished.

Grand Total: 222 creatures vanquished

Notes
Turn   | Place    | Note
--------------------------------------------------------------
     0 | Abyss:1  | Gargoyl the Demonspawn Abyssal Knight began the quest for the Orb.
     0 | Abyss:1  | Reached XP level 1. HP: 18/18 MP: 2/2
    56 | Abyss:1  | Noticed a hell hound
    68 | D:1      | Escaped the Abyss
   398 | D:1      | Gained mutation: You are partially covered in slimy green scales (AC +2). [demonic ancestry]
   398 | D:1      | Reached XP level 2. HP: 6/24 MP: 3/3
   407 | D:1      | Reached skill level 2 in Armour
   647 | D:1      | Reached skill level 1 in Dodging
   655 | D:1      | Reached * piety under Lugonu
   915 | D:1      | Gained mutation: You are mostly covered in slimy green scales (AC +3). [demonic ancestry]
   915 | D:1      | Reached XP level 3. HP: 29/29 MP: 4/4
  1572 | D:2      | Found a deep blue altar of Sif Muna.
  1645 | D:2      | Gained mutation: You have sharp toenails. [demonic ancestry]
  1645 | D:2      | Reached XP level 4. HP: 31/37 MP: 5/5
  1652 | D:2      | Found an iron altar of Okawaru.
  1732 | D:2      | Reached ** piety under Lugonu
  1800 | D:2      | Found a white marble altar of Elyvilon.
  1802 | D:2      | Found an opulent altar of Gozag.
  1950 | D:2      | Reached XP level 5. HP: 6/42 MP: 6/6
  2050 | D:2      | Found a burning altar of Makhleb.
  2187 | D:2      | Found a shattered altar of Ashenzari.
  2257 | D:2      | Found a bloodstained altar of Trog.
  2257 | D:2      | Found a stormy altar of Qazlal.
  2280 | D:3      | Noticed Gargoyl's ghost (amateur DsAK)
  2603 | D:3      | Killed Gargoyl's ghost
  2603 | D:3      | Reached skill level 3 in Armour
  2603 | D:3      | Reached skill level 1 in Stealth
  2603 | D:3      | Gained mutation: A weak demonic guardian rushes to your aid. [demonic ancestry]
  2603 | D:3      | Reached XP level 6. HP: 32/48 MP: 7/7
  2936 | D:4      | Reached *** piety under Lugonu
  3112 | D:4      | Gained mutation: Your flesh is heat resistant. [demonic ancestry]
  3112 | D:4      | Reached XP level 7. HP: 54/54 MP: 8/8
  3487 | D:4      | Noticed Pikel
  3526 | D:3      | Killed Pikel
  3526 | D:3      | Reached skill level 4 in Armour
  3526 | D:3      | Reached skill level 5 in Dodging
  3526 | D:3      | Gained mutation: You have razor-sharp toenails. [demonic ancestry]
  3526 | D:3      | Reached XP level 8. HP: 38/61 MP: 9/9
  3687 | D:4      | Found a staircase to the Ecumenical Temple.
  3700 | D:4      | Reached skill level 5 in Fighting
  3724 | D:4      | Noticed Purgy
  3735 | D:4      | Reached **** piety under Lugonu
  3917 | D:4      | Killed Purgy
  3946 | D:4      | Noticed Sigmund
  4161 | D:4      | Found a sparkling altar of Nemelex Xobeh.
  4237 | D:5      | Entered Level 5 of the Dungeon
  4595 | D:5      | Reached skill level 5 in Armour
  5056 | D:5      | Noticed Blork the orc
  5072 | D:5      | Killed Blork the orc
  5364 | D:5      | Reached skill level 5 in Axes
  5810 | D:6      | Gained mutation: A demonic guardian rushes to your aid. [demonic ancestry]
  5810 | D:6      | Reached XP level 9. HP: 69/69 MP: 11/11
  6191 | D:7      | Reached skill level 6 in Armour
  6239 | D:7      | Found a stormy altar of Qazlal.
  6532 | D:7      | Found a shimmering altar of Xom.
  6591 | D:7      | Found Oguepohozu's General Store.
  6633 | D:7      | Reached ***** piety under Lugonu
  6643 | D:7      | Gained mutation: You are agile. (Dex +2) [mutagenic meat]
  6644 | D:7      | Gained mutation: You are resistant to electric shocks. [mutagenic meat]
  6645 | D:7      | Gained mutation: You passively map a small area around you. [mutagenic meat]
  6646 | D:7      | Gained mutation: Your system is resistant to poisons. [mutagenic meat]
  6647 | D:7      | Gained mutation: Your magical capacity is low (-10% MP). [mutagenic meat]
  6648 | D:7      | Gained mutation: Your flesh is cold resistant. [mutagenic meat]
  6746 | D:7      | Bought 2 potions of curing for 72 gold pieces
  6746 | D:7      | Bought a potion of mutation for 30 gold pieces
  6746 | D:7      | Lost mutation: Your magical capacity is low (-10% MP). [potion of mutation]
  6746 | D:7      | Gained mutation: You have sharp fingernails. [potion of mutation]
  6747 | D:7      | Gained mutation: You have very sharp fingernails. [potion of mutation]
  6748 | D:7      | Gained mutation: You are frail (-10% HP). [potion of mutation]
  6748 | D:7      | Gained mutation: You are somewhat resistant to further mutation. [potion of mutation]
  7109 | D:7      | Found a basalt altar of Yredelemnul.
  7562 | D:8      | Reached skill level 7 in Armour
  8128 | D:9      | Found an ancient bone altar of Kikubaaqudgha.
  8138 | D:9      | Noticed Peloso's ghost (novice MiFi)
  8155 | D:9      | Killed Peloso's ghost
  8155 | D:9      | Gained mutation: You are immune to clouds of flame. [demonic ancestry]
  8155 | D:9      | Reached XP level 10. HP: 46/69 MP: 3/12
  8414 | D:9      | Lost mutation: You are somewhat resistant to further mutation. [potion of mutation]
  8414 | D:9      | Gained mutation: You expend magic power (3 MP) to strengthen your wands. [potion of mutation]
  8457 | D:9      | Reached skill level 8 in Armour
  8477 | D:9      | Slain by a yak

Skill      XL: |  1  2  3  4  5  6  7  8  9 10 |
---------------+-------------------------------+-----
Axes           | 2 3 4 5 6 |  6.9
Armour         | 2 3 4 5 7 8 |  8.1
Dodging        | 1 2 3 5 6 |  6.3
Fighting       | 4 5 6 7 |  7.1
Stealth        | 1 2 |  2.0
Throwing       | |  0.8
Invocations    | |  2.9

Action                   |  1- 3 |  4- 6 |  7- 9 | 10-12 || total
-------------------------+-------+-------+-------+-------++-------
Melee: Hand axe          |   119 |   243 |   222 |       ||   584
       Kick              |       |    52 |   128 |     4 ||   184
       War axe           |       |       |   258 |    26 ||   284
Throw: Tomahawk          |       |       |     3 |       ||     3
Invok: Depart the Abyss  |     1 |       |       |       ||     1
       Banish            |       |       |     1 |       ||     1
Evoke: Wand              |       |       |     1 |       ||     1
  Use: Potion            |       |     3 |     4 |     8 ||    15
       Scroll            |       |     5 |     9 |       ||    14
 Stab: Sleeping          |     2 |       |       |       ||     2
       Distracted        |       |       |     3 |     1 ||     4
  Eat: Chunk             |     3 |     5 |    26 |       ||    34
Armor: Leather armour    |    21 |       |       |       ||    21
       Troll leather arm |    40 |   106 |    14 |       ||   160
       Skin              |       |    40 |     3 |       ||    43
       Chain mail        |       |       |   288 |    41 ||   329
Dodge: Dodged            |   100 |   171 |   225 |    33 ||   529
